 Dungeon Crawl Stone Soup version 0.18-a0-721-g8fc53f4 (webtiles) character file.

93 Lektor the Sneak (level 4, -5/21 HPs)
             Began as a Spriggan Enchanter on Dec 9, 2015.
             Was an Initiate of Dithmenos.
             Slain by Sigmund
             ... wielding a +0 scythe
              (8 damage)
             ... on level 2 of the Dungeon.
             The game lasted 00:07:35 (1814 turns).

Lektor the Sneak (Spriggan Enchanter)               Turns: 1814, Time: 00:07:37

Health: -5/21      AC:  3    Str:  4    XL:     4   Next: 37%
Magic:  7/9        EV: 19    Int: 17    God:    Dithmenos [......]
Gold:   63         SH:  0    Dex: 16    Spells: 2 memorised, 5 levels left

rFire  . . .     SeeInvis +     f - +2 dagger (freeze)
rCold  . . .     Clarity  .     b - +1 robe
rNeg   . . .     SustAt   .     (shield restricted)
rPois  .         Gourm    .     (helmet restricted)
rElec  .         Spirit   .     (no cloak)
rCorr  .         Dismiss  .     (gloves unavailable)
rMut   .         Stasis   .     (boots unavailable)
MR     .....                    (no amulet)
Stlth  +++.......               (no ring)
                                (no ring)

@: very quick, not resistant to hostile enchantments, fairly stealthy
A: unfitting armour, see invisible, herbivore 3, speed 3, slow metabolism 2
a: Renounce Religion


You were on level 2 of the Dungeon.
You worshipped Dithmenos.
Dithmenos was noncommittal.
You were not hungry.

You visited 1 branch of the dungeon, and saw 3 of its levels.

You collected 63 gold pieces.

Inventory:

Hand Weapons
 a - a +1 dagger
 e - a +0 short sword
 f - a +2 dagger of freezing (weapon)
 i - a +0 hunting sling
Missiles
 g - 30 arrows
 j - 50 stones (quivered)
 o - 19 poisoned needles
Armour
 b - a +1 robe (worn)
Jewellery
 q - a cursed amulet of inaccuracy {unknown}
Scrolls
 h - 2 scrolls of remove curse {unknown}
 l - a scroll of immolation {unknown}
 n - a scroll of amnesia {unknown}
 r - a scroll of teleportation {unknown}
Books
 c - a book of Maledictions

   Spells                             Type                      Level
   a - Corona                         Hexes                        1
   b - Ensorcelled Hibernation        Hexes/Ice                    2
   c - Confuse                        Hexes                        3
   d - Tukima's Dance                 Hexes                        3
   e - Dazzling Spray                 Conjuration/Hexes            3
Comestibles
 d - 4 bread rations


   Skills:
 + Level 2.4 Short Blades
 + Level 4.1 Dodging
 + Level 5.2 Stealth
 - Level 2.6 Spellcasting
 + Level 4.7 Hexes


You had 5 spell levels left.
You knew the following spells:

 Your Spells              Type           Power        Failure   Level  Hunger
a - Corona                Hex            ###....      2%          1    #......
b - Ensorcelled Hibernat  Hex/Ice        ##....       12%         2    ##.....


Dungeon Overview and Level Annotations

Branches:
Dungeon (3/15)

Altars:
Dithmenos

Annotations:
D:2 Sigmund


Innate Abilities, Weirdness & Mutations

You are tiny and cannot use many weapons and most armour.
You have supernaturally acute eyesight.
You are a herbivore.
You cover ground extremely quickly.
You need consume almost no food.


Message History

The kobold throws a stone.
The stone hits you but does no damage.
You bump into the stone wall.
Sigmund misses you.
The kobold throws a stone.
The stone closely misses you.
The stone barely misses Sigmund.
You bump into the rock wall.
Sigmund misses you. The kobold closely misses you.
You're too confused to move!
The kobold hits you with a short sword.
You bump into the stone wall.
Sigmund hits you from afar with a scythe!
Ouch! That really hurt!
* * * LOW HITPOINT WARNING * * *
The kobold hits you with a short sword.
* * * LOW HITPOINT WARNING * * *
Drink which item? (? for menu, Esc to quit)
It was a potion of cancellation.
Your magical effects are unravelling.
You feel magically purged.
You feel less confused. The kobold misses you.
Sigmund hits you from afar with a scythe!
You die...

........ .....[.##
#.# .........
......## .......#..
...##..# ..........
#......#
......##..###.. #..#
......###..#..###..#
.......##.....##..###
................@K..#
.....##.........##@.#
....####..._...####(#
.....##........%##.(#
.†...%..............#
.......##.....##..###
......###..#..###.#
......##..###..##.#
###.......###.....#


You could see Sigmund and a kobold.

Vanquished Creatures
  2 adders
  3 gnolls (D:2)
  A worm (D:3)
  A ball python (D:1)
  6 bats
  3 giant cockroaches
  8 hobgoblins
  5 jackals
  2 giant newts
  5 goblins
  6 kobolds
  3 rats
45 creatures vanquished.

Notes
Turn   | Place    | Note
--------------------------------------------------------------
     0 | D:1      | Lektor the Spriggan Enchanter began the quest for the Orb.
     0 | D:1      | Reached XP level 1. HP: 9/9 MP: 5/5
   129 | D:1      | Reached XP level 2. HP: 13/13 MP: 6/6
   336 | D:1      | Learned a level 2 spell: Ensorcelled Hibernation
  1121 | D:2      | Reached XP level 3. HP: 14/16 MP: 8/8
  1228 | D:3      | Reached skill level 5 in Stealth
  1705 | D:2      | Reached XP level 4. HP: 21/21 MP: 9/9
  1780 | D:2      | Found a shadowy altar of Dithmenos.
  1784 | D:2      | Noticed Sigmund
  1793 | D:2      | Became a worshipper of Dithmenos the Shadowed
  1814 | D:2      | Slain by Sigmund

Vault maps used:
D:1:      lemuel_arrival_lava_pool, minmay_cut_off
D:2:      nicolae_overflow_hidden_temple, nicolae_dithmenos_shadow_blocks,
          first_bread, serial_bayou_ford_a, minmay_goblin_kobold_house,
          uniq_sigmund
D:3:      ashenzari_conservatory_becter

Action                   |  1- 3 |  4- 6 || total
-------------------------+-------+-------++-------
Melee: Dagger            |   101 |     9 ||   110
 Fire: Hunting sling     |     2 |     2 ||     4
 Cast: Ensorcelled Hiber |     6 |     3 ||     9
       Corona            |     1 |       ||     1
  Use: Potion            |       |     3 ||     3
 Stab: Sleeping          |    18 |     1 ||    19
